Marlies vs Senators
Created - January 13, 2022 at 21:29
Goals
|
| Marlies |
0 |
1 |
2 |
3 |
| Senators |
3 |
1 |
1 |
5 |
|
Shots
|
| Marlies |
12 |
12 |
12 |
36 |
| Senators |
7 |
14 |
7 |
28 |
|
1st period
1. Senators , Christoph Bertschy 5 (Oliver Bjorkstrand 5, Zemgus Girgensons 7) at 0:06
2. Senators , Oliver Bjorkstrand 7 (Christoph Bertschy 10) at 11:51
3. Senators , Zemgus Girgensons 8 (Christoph Bertschy 11) at 12:28
Penalties :
Nick Ritchie (Tor) for Hooking (Minor) at 8:17
2nd period
4. Marlies , Aleksi Saarela 4 (Neal Pionk 12) at 4:46
5. Senators , Christoph Bertschy 6 (Dmitry Sinitsyn 7, Keegan Lowe 6) at 4:57
Penalties :
Logan Brown (Tor) for Hooking (Minor) at 5:40, Adam Ollas-Mattsson (Bel) for Interference (Minor) at 8:49, Tyler Benson (Tor) for Goalie Interference (Minor) at 11:07, Christoph Bertschy (Bel) for Slashing (Minor) at 18:32
3rd period
6. Marlies , Pavel Zacha 9 (Nick Ritchie 11, Lucas Carlsson 5) at 4:16
7. Marlies , Neal Pionk 3 (Nick Ritchie 12, JT Compher 8) at 15:26
8. Senators , Tomas Jurco 8 (Kevin Rooney 3, A.J. Jenks 3) at 19:54 (Empty Net)
Penalties :
Nick Ritchie (Tor) for High sticking (Minor) at 1:37, Johan Larsson (Tor) for High sticking (Minor) at 11:53
Goalie Stats
Charlie Lindgren (Tor), 7 saves from 11 shots - (0.636), L, 4-3-1, 24:57 minutes
Malcolm Subban (Tor), 16 saves from 16 shots - (1.000), 34:17 minutes
Sami Aittokallio (Bel), 33 saves from 36 shots - (0.917), W, 7-5-0, 60:00 minutes
Players Stats for Marlies
Player Name G A P +/- PIM S H SB GA TA FO MP PP MP PK MP
------------------------------------------------------------------------------------
Aleksi Saarela 1 0 1 1 0 2 1 0 0 0 1/4 9:36 0:08 1:48
Brett Pesce 0 0 0 -2 0 1 3 1 0 0 0/0 21:07 2:37 3:43
Colton Sissons 0 0 0 -1 0 2 1 0 1 1 12/23 20:10 2:12 5:49
Haydn Fleury 0 0 0 -1 0 1 0 1 1 1 0/0 26:49 1:21 5:44
Jeff Corbett 0 0 0 1 0 1 1 0 1 0 0/0 12:18 0:14 0:28
Johan Larsson 0 0 0 0 2 1 1 0 1 0 0/0 14:03 0:27 2:35
JT Compher 0 1 1 -1 0 2 2 0 1 0 1/3 18:55 1:40 2:18
Linden Vey 0 0 0 -1 0 2 1 0 2 0 0/0 14:19 2:12 0:00
Logan Brown 0 0 0 -1 2 1 2 0 0 0 3/8 11:21 0:00 0:00
Lucas Carlsson 0 1 1 1 0 1 3 1 0 1 0/0 11:50 0:00 0:00
Mathieu Olivier 0 0 0 1 0 0 1 0 0 0 0/1 7:37 0:00 0:00
Neal Pionk 1 1 2 -1 0 5 1 3 2 0 0/0 24:11 2:23 3:43
Nicholas Baptiste 0 0 0 -1 0 3 1 0 0 0 2/2 13:14 1:46 0:00
Nick Ritchie 0 2 2 -2 4 7 0 1 2 2 2/4 21:25 1:51 3:41
Pavel Zacha 1 0 1 -1 0 5 1 0 0 0 7/19 18:53 1:38 2:18
Shane Prince 0 0 0 -1 0 2 0 0 0 0 1/2 12:45 0:00 1:21
Tim Erixon 0 0 0 -2 0 0 2 0 1 0 0/0 23:45 1:21 6:12
Tyler Benson 0 0 0 1 2 0 1 0 0 0 0/0 7:42 0:00 0:00
Players Stats for Senators
Player Name G A P +/- PIM S H SB GA TA FO MP PP MP PK MP
------------------------------------------------------------------------------------
A.J. Jenks 0 1 1 0 0 2 3 0 0 3 2/7 15:58 0:30 2:02
Adam Ollas-Mattsson 0 0 0 1 2 0 0 0 0 1 0/0 8:58 0:00 0:00
Anthony Richard 0 0 0 0 0 0 0 0 0 0 0/0 1:27 0:00 1:19
Arttu Ruotsalainen 0 0 0 0 0 0 1 0 0 0 1/1 6:18 0:00 0:00
Chandler Stephenson 0 0 0 0 0 0 1 0 1 1 2/2 6:23 0:00 0:05
Christoph Bertschy 2 2 4 3 2 3 1 0 3 0 20/31 22:50 4:59 1:03
Dmitry Sinitsyn 0 1 1 1 0 2 3 1 0 0 0/0 25:32 5:29 2:25
Dylan Blujus 0 0 0 0 0 0 0 1 0 0 0/0 21:15 4:26 1:33
Grant Besse 0 0 0 -1 0 0 1 0 0 0 0/0 13:04 0:18 0:00
Jack Dougherty 0 0 0 0 0 0 0 3 0 0 0/0 13:44 0:00 0:00
Jake Evans 0 0 0 0 0 0 0 0 0 0 0/0 0:00 0:00 0:00
Jonas Siegenthaler 0 0 0 0 0 0 0 0 0 0 0/0 4:22 0:00 0:00
Joonas Lyytinen 0 0 0 0 0 0 0 0 0 1 0/0 16:00 4:26 1:33
Jordan Schroeder 0 0 0 -1 0 3 1 0 0 0 4/12 15:43 4:38 0:15
Keegan Lowe 0 1 1 2 0 2 1 1 0 2 0/0 25:54 5:29 2:25
Kevin Rooney 0 1 1 1 0 2 2 1 0 0 3/5 12:40 0:00 0:00
Mason Geertsen 0 0 0 0 0 0 0 0 0 0 0/0 4:22 0:00 0:00
Oliver Bjorkstrand 1 1 2 3 0 4 0 0 0 0 2/4 20:59 4:59 0:00
Tomas Jurco 1 0 1 0 0 4 2 1 1 1 0/0 20:15 4:26 0:00
Vitaly Abramov 0 0 0 0 0 0 0 0 0 0 0/0 0:18 0:18 0:00
Zachary Sanford 0 0 0 -1 0 2 2 0 0 2 1/1 17:56 4:38 2:24
Zemgus Girgensons 1 1 2 2 0 4 2 2 0 1 2/3 22:02 4:59 0:48
3 Stars
1 - Christoph Bertschy (Bel)
2 - Zemgus Girgensons (Bel)
3 - Oliver Bjorkstrand (Bel)
Power Play
Marlies - 0 on 2 Attempt(s) - 0.00%
Senators - 0 on 5 Attempt(s) - 0.00%
Penalty Kill
Marlies - 5 on 5 Attempt(s) - 100.00%
- Score 0 goal in Penalty Kill
Senators - 2 on 2 Attempt(s) - 100.00%
- Score 0 goal in Penalty Kill
Team Stat
Marlies - Hits : 22 - Faceoff Wins : 29 - Blocked Shots : 7 - Penalty Minutes : 10
Senators - Hits : 20 - Faceoff Wins : 37 - Blocked Shots : 10 - Penalty Minutes : 4
Official
Referees : Jon McIsaac and Reid Anderson
Linesman : Ryan Gibbons and Derek Amell
Game Notes
Malcolm Subban enters game at 4:57 of 2nd period
17:36 of 3rd period - Marlies goal is going for a video replay. After video review, No Goal. The net was displaced accidentally.
Tomas Jurco has scored in a empty net!
Finance
Level 1 -- Attendance: 1850 (92.50%) -- Ticket Income $64,750
Level 2 -- Attendance: 1000 (100.00%) -- Ticket Income $15,000
Total Attendance: 2850 (95.00%)
Total Ticket Income: $79,750
Other Income: $3,988
Total Income: $83,738
Marlies
5 vs 5 Forward
Center Left Wing Right Wing Time % Phy DF OF
1 Pavel Zacha Nick Ritchie JT Compher 40 1 2 2
2 Logan Brown Shane Prince Nicholas Baptiste 30 1 2 2
3 Colton Sissons Johan Larsson Linden Vey 20 1 2 2
4 Aleksi Saarela Tyler Benson Mathieu Olivier 10 1 2 2
5 vs 5 Defense
Defense Defense Time % Phy DF OF
1 Haydn Fleury Neal Pionk 40 1 2 2
2 Tim Erixon Brett Pesce 30 1 2 2
3 Jeff Corbett Lucas Carlsson 20 1 2 2
4 Haydn Fleury Tim Erixon 10 1 2 2
PowerPlay Forward
Center Left Wing Right Wing Time % Phy DF OF
1 Colton Sissons Nick Ritchie Linden Vey 60 1 2 2
2 Pavel Zacha JT Compher Nicholas Baptiste 40 1 2 2
PowerPlay Defense
Defense Defense Time % Phy DF OF
1 Neal Pionk Brett Pesce 60 1 2 2
2 Haydn Fleury Tim Erixon 40 1 2 2
Penalty Kill 4 Players Forward
Center Wing Time % Phy DF OF
1 Colton Sissons Nick Ritchie 60 1 2 2
2 Pavel Zacha JT Compher 40 1 2 2
Penalty Kill 4 Players Defense
Defense Defense Time % Phy DF OF
1 Haydn Fleury Tim Erixon 60 1 2 2
2 Neal Pionk Brett Pesce 40 1 2 2
Penalty Kill - 3 Players Forward
Forward Time % Phy DF OF
1 Colton Sissons 60 1 2 2
2 Pavel Zacha 40 1 2 2
Penalty Kill - 3 Players Defense
Defense Defense Time % Phy DF OF
1 Haydn Fleury Tim Erixon 60 1 2 2
2 Neal Pionk Brett Pesce 40 1 2 2
4 vs 4 Forward
Center Wing Time % Phy DF OF
1 Colton Sissons Nick Ritchie 60 1 2 2
2 Pavel Zacha JT Compher 40 1 2 2
4 vs 4 Defense
Defense Defense Time % Phy DF OF
1 Haydn Fleury Tim Erixon 60 1 2 2
2 Neal Pionk Brett Pesce 40 1 2 2
Last Minutes Offensive
Center Left Wing Right Wing Defense Defense
Colton Sissons Nick Ritchie Linden Vey Haydn Fleury Neal Pionk
Last Minutes Defensive
Center Left Wing Right Wing Defense Defense
Colton Sissons Nick Ritchie Linden Vey Haydn Fleury Tim Erixon
Goaltenders
Starting : Charlie Lindgren
Backup : Malcolm Subban
Extra Forwards
Normal : Colton Sissons, Pavel Zacha, Nicholas Baptiste - PP : Colton Sissons, Pavel Zacha - PK : Colton Sissons
Extra Defensemen
Normal : Brett Pesce, Haydn Fleury, Lucas Carlsson - PP : Jeff Corbett - PK : Haydn Fleury, Jeff Corbett
Penalty Shots
Colton Sissons, Aleksi Saarela, JT Compher, Linden Vey, Pavel Zacha
Scratches
Brycen Martin (Healthy), Dennis Gilbert (Healthy), Henri Ikonen (Healthy), Jaden Lindo (Healthy), Jakob Forsbacka-Karlsson (Healthy)
Radovan Bondra (Healthy), Simon Bourque (Healthy), Tobias Lindberg (Healthy), Zack MacEwen (Healthy), Otto Koivula (Healthy)
Jamie Phillips (Healthy)
Senators
5 vs 5 Forward
Center Left Wing Right Wing Time % Phy DF OF
1 Christoph Bertschy Zemgus Girgensons Oliver Bjorkstrand 40 0 2 3
2 Jordan Schroeder Zachary Sanford Tomas Jurco 30 0 2 3
3 Kevin Rooney A.J. Jenks Grant Besse 20 1 3 1
4 Chandler Stephenson Arttu Ruotsalainen Tomas Jurco 10 1 3 1
5 vs 5 Defense
Defense Defense Time % Phy DF OF
1 Dmitry Sinitsyn Keegan Lowe 40 1 2 2
2 Dylan Blujus Jack Dougherty 35 1 2 2
3 Joonas Lyytinen Adam Ollas-Mattsson 20 1 2 2
4 Mason Geertsen Jonas Siegenthaler 5 1 3 1
PowerPlay Forward
Center Left Wing Right Wing Time % Phy DF OF
1 Christoph Bertschy Zemgus Girgensons Oliver Bjorkstrand 60 0 1 4
2 Jordan Schroeder Zachary Sanford Tomas Jurco 40 0 1 4
PowerPlay Defense
Defense Defense Time % Phy DF OF
1 Dmitry Sinitsyn Keegan Lowe 60 1 1 3
2 Dylan Blujus Joonas Lyytinen 40 1 1 3
Penalty Kill 4 Players Forward
Center Wing Time % Phy DF OF
1 Christoph Bertschy Zachary Sanford 60 1 4 0
2 Jordan Schroeder Zemgus Girgensons 40 1 4 0
Penalty Kill 4 Players Defense
Defense Defense Time % Phy DF OF
1 Dmitry Sinitsyn Keegan Lowe 60 1 4 0
2 Dylan Blujus Joonas Lyytinen 40 1 4 0
Penalty Kill - 3 Players Forward
Forward Time % Phy DF OF
1 Christoph Bertschy 60 1 4 0
2 Jordan Schroeder 40 1 4 0
Penalty Kill - 3 Players Defense
Defense Defense Time % Phy DF OF
1 Dmitry Sinitsyn Keegan Lowe 60 2 3 0
2 Dylan Blujus Joonas Lyytinen 40 2 3 0
4 vs 4 Forward
Center Wing Time % Phy DF OF
1 Christoph Bertschy Zachary Sanford 55 0 2 3
2 Jordan Schroeder Zemgus Girgensons 45 0 2 3
4 vs 4 Defense
Defense Defense Time % Phy DF OF
1 Dmitry Sinitsyn Keegan Lowe 60 1 2 2
2 Dylan Blujus Jonas Siegenthaler 40 1 2 2
Last Minutes Offensive
Center Left Wing Right Wing Defense Defense
Christoph Bertschy Zachary Sanford Tomas Jurco Dmitry Sinitsyn Keegan Lowe
Last Minutes Defensive
Center Left Wing Right Wing Defense Defense
A.J. Jenks Kevin Rooney Tomas Jurco Adam Ollas-Mattsson Keegan Lowe
Goaltenders
Starting : Sami Aittokallio
Backup : Scott Wedgewood
Extra Forwards
Normal : A.J. Jenks, Christoph Bertschy, Jordan Schroeder - PP : A.J. Jenks, Christoph Bertschy - PK : A.J. Jenks
Extra Defensemen
Normal : Adam Ollas-Mattsson, Mason Geertsen, Joonas Lyytinen - PP : Adam Ollas-Mattsson - PK : Adam Ollas-Mattsson, Mason Geertsen
Penalty Shots
Tomas Jurco, Oliver Bjorkstrand, Zachary Sanford, Zemgus Girgensons, A.J. Jenks
Scratches
Gustav Forsling (Healthy), Scott Harrington (Healthy), Warren Foegele (Healthy), William Bitten (Healthy), Cliff Pu (Healthy)
Keven Bouchard (Healthy)
% Time on Ice - Marlies
Lines # - Real PCT - Wanted PCT - Time Play
Normal Forward
1 - 33% - 40% - 14:54
2 - 26% - 30% - 11:34
3 - 24% - 20% - 10:54
4 - 17% - 10% - 7:37
Normal Defense
1 - 38% - 40% - 17:14
2 - 31% - 30% - 13:58
3 - 26% - 20% - 11:30
4 - 5% - 10% - 2:17
PP Forward
1 - 55% - 60% - 2:12
2 - 45% - 40% - 1:46
PP Defense
1 - 66% - 60% - 2:37
2 - 34% - 40% - 1:21
PK Forward
1 - 77% - 60% - 7:37
2 - 23% - 40% - 2:18
PK Defense
1 - 63% - 60% - 6:12
2 - 37% - 40% - 3:43
PK3 Forward
1 - 0% - 60%
2 - 0% - 40%
PK3 Defense
1 - 0% - 60%
2 - 0% - 40%
44 Forward
1 - 0% - 60%
2 - 0% - 40%
44 Defense
1 - 0% - 60%
2 - 0% - 40%
Last Minute Offensive - 1:08
Last Minute Defensive - 0:00
Total
Forward - 60:00
Defense - 60:00
|
% Time on Ice - Senators
Lines # - Real PCT - Wanted PCT - Time Play
Normal Forward
1 - 36% - 40% - 16:16
2 - 24% - 30% - 10:53
3 - 26% - 20% - 11:51
4 - 14% - 10% - 6:18
Normal Defense
1 - 38% - 40% - 17:11
2 - 34% - 35% - 15:16
3 - 19% - 20% - 8:29
4 - 10% - 5% - 4:22
PP Forward
1 - 53% - 60% - 5:17
2 - 47% - 40% - 4:38
PP Defense
1 - 55% - 60% - 5:29
2 - 45% - 40% - 4:26
PK Forward
1 - 94% - 60% - 3:43
2 - 6% - 40% - 0:15
PK Defense
1 - 61% - 60% - 2:25
2 - 39% - 40% - 1:33
PK3 Forward
1 - 0% - 60%
2 - 0% - 40%
PK3 Defense
1 - 0% - 60%
2 - 0% - 40%
44 Forward
1 - 0% - 55%
2 - 0% - 45%
44 Defense
1 - 0% - 60%
2 - 0% - 40%
Last Minute Offensive - 0:00
Last Minute Defensive - 0:49
Total
Forward - 60:00
Defense - 60:00
|
Play-by-Play
1st period
0:01 of 1st period - Oliver Bjorkstrand wins face-off versus Pavel Zacha in neutral zone.
0:06 of 1st period - Slapshot by Christoph Bertschy.
0:06 of 1st period - Goal by Christoph Bertschy - Marlies : 0 - Senators : 1.
0:07 of 1st period - Logan Brown wins face-off versus Jordan Schroeder in neutral zone.
0:32 of 1st period - Tim Erixon is hit by A.J. Jenks and loses puck.
0:40 of 1st period - Icing by Dylan Blujus.
0:41 of 1st period - Pavel Zacha wins face-off versus Kevin Rooney in Senators zone.
0:46 of 1st period - Snap shot by JT Compher.
0:46 of 1st period - Shot Misses the Net.
0:48 of 1st period - Slapshot by Jeff Corbett.
0:48 of 1st period - Shot Blocked by Jack Dougherty.
0:50 of 1st period - Slapshot by Jeff Corbett.
0:50 of 1st period - Shot Blocked by Kevin Rooney.
0:52 of 1st period - Slapshot by Lucas Carlsson.
0:52 of 1st period - Stopped by Sami Aittokallio without a rebound.
0:53 of 1st period - Christoph Bertschy wins face-off versus Aleksi Saarela in Senators zone.
1:43 of 1st period - Wrist shot by Zachary Sanford.
1:43 of 1st period - Shot Misses the Net.
1:46 of 1st period - Icing by Neal Pionk.
1:47 of 1st period - Christoph Bertschy wins face-off versus Pavel Zacha in Marlies zone.
2:14 of 1st period - Wrist shot by JT Compher.
2:14 of 1st period - Deflect By Kevin Rooney.
2:14 of 1st period - Stopped by Sami Aittokallio with a rebound.
2:16 of 1st period - Snap shot by Pavel Zacha.
2:16 of 1st period - Stopped by Sami Aittokallio with a rebound.
2:18 of 1st period - Snap shot by Pavel Zacha.
2:18 of 1st period - Stopped by Sami Aittokallio with a rebound.
2:20 of 1st period - Slapshot by Haydn Fleury.
2:20 of 1st period - Stopped by Sami Aittokallio with a rebound.
2:22 of 1st period - Snap shot by Nick Ritchie.
2:22 of 1st period - Stopped by Sami Aittokallio without a rebound.
2:23 of 1st period - Nicholas Baptiste wins face-off versus Jordan Schroeder in Senators zone.
2:24 of 1st period - Wrist shot by Shane Prince.
2:24 of 1st period - Stopped by Sami Aittokallio without a rebound.
2:25 of 1st period - Nicholas Baptiste wins face-off versus Jordan Schroeder in Senators zone.
3:30 of 1st period - Lucas Carlsson is hit by Arttu Ruotsalainen and loses puck.
3:56 of 1st period - Pavel Zacha is hit by Christoph Bertschy and loses puck.
4:19 of 1st period - Grant Besse is hit by Jeff Corbett and loses puck.
4:44 of 1st period - Slapshot by Neal Pionk.
4:44 of 1st period - Stopped by Sami Aittokallio with a rebound.
4:46 of 1st period - Slapshot by Tyler Benson.
4:46 of 1st period - Shot Blocked by Dmitry Sinitsyn.
4:48 of 1st period - Slapshot by Haydn Fleury.
4:48 of 1st period - Shot Misses the Net.
5:21 of 1st period - Zachary Sanford is hit by Colton Sissons and loses puck.
6:09 of 1st period - Snap shot by Mathieu Olivier.
6:09 of 1st period - Shot Misses the Net.
7:00 of 1st period - Wrist shot by Logan Brown.
7:00 of 1st period - Shot Misses the Net.
7:02 of 1st period - Wrist shot by Logan Brown.
7:02 of 1st period - Stopped by Sami Aittokallio without a rebound.
7:03 of 1st period - Jordan Schroeder wins face-off versus Pavel Zacha in Senators zone.
7:32 of 1st period - Snap shot by Zachary Sanford.
7:32 of 1st period - Stopped by Charlie Lindgren with a rebound.
8:17 of 1st period - Minor Penalty to Nick Ritchie for Hooking.
8:18 of 1st period - Christoph Bertschy wins face-off versus Colton Sissons in Marlies zone.
8:22 of 1st period - Snap shot by Zemgus Girgensons.
8:22 of 1st period - Stopped by Charlie Lindgren with a rebound.
8:24 of 1st period - Slapshot by Dmitry Sinitsyn.
8:24 of 1st period - Shot Misses the Net.
8:32 of 1st period - Wrist shot by Zemgus Girgensons.
8:32 of 1st period - Shot Misses the Net.
9:38 of 1st period - Neal Pionk is hit by Keegan Lowe.
10:17 of 1st period - Penalty to Nick Ritchie is over, Nick Ritchie is back on ice.
11:08 of 1st period - Adam Ollas-Mattsson is hit by Lucas Carlsson and loses puck.
11:32 of 1st period - Slapshot by Neal Pionk.
11:32 of 1st period - Shot Misses the Net.
11:49 of 1st period - Icing by Shane Prince.
11:50 of 1st period - Christoph Bertschy wins face-off versus Nick Ritchie in Marlies zone.
11:51 of 1st period - Snap shot by Oliver Bjorkstrand.
11:51 of 1st period - Goal by Oliver Bjorkstrand - Marlies : 0 - Senators : 2.
11:52 of 1st period - Pavel Zacha wins face-off versus Zemgus Girgensons in neutral zone.
12:07 of 1st period - Wrist shot by Christoph Bertschy.
12:07 of 1st period - Shot Misses the Net.
12:22 of 1st period - Slapshot by Zachary Sanford.
12:22 of 1st period - Deflect By Tomas Jurco.
12:22 of 1st period - Shot Blocked by Neal Pionk.
12:22 of 1st period - Puck is out of play.
12:23 of 1st period - Christoph Bertschy wins face-off versus Logan Brown in Marlies zone.
12:28 of 1st period - Snap shot by Zemgus Girgensons.
12:28 of 1st period - Goal by Zemgus Girgensons - Marlies : 0 - Senators : 3.
12:29 of 1st period - Christoph Bertschy wins face-off versus Pavel Zacha in neutral zone.
12:44 of 1st period - Slapshot by Christoph Bertschy.
12:44 of 1st period - Shot Misses the Net.
12:54 of 1st period - Tomas Jurco is hit by Logan Brown and loses puck.
13:45 of 1st period - Zemgus Girgensons is hit by Aleksi Saarela and loses puck.
14:43 of 1st period - A.J. Jenks is hit by Neal Pionk and loses puck.
15:58 of 1st period - Snap shot by Kevin Rooney.
15:58 of 1st period - Stopped by Charlie Lindgren without a rebound.
15:59 of 1st period - Kevin Rooney wins face-off versus Colton Sissons in Marlies zone.
16:00 of 1st period - Wrist shot by A.J. Jenks.
16:00 of 1st period - Stopped by Charlie Lindgren without a rebound.
16:01 of 1st period - Colton Sissons wins face-off versus A.J. Jenks in Marlies zone.
16:27 of 1st period - Zemgus Girgensons is hit by Johan Larsson and loses puck.
16:32 of 1st period - Snap shot by Colton Sissons.
16:32 of 1st period - Stopped by Sami Aittokallio without a rebound.
16:33 of 1st period - Christoph Bertschy wins face-off versus Pavel Zacha in Senators zone.
16:33 of 1st period - Christoph Bertschy is hit by JT Compher.
17:08 of 1st period - Logan Brown is hit by Dmitry Sinitsyn and loses puck.
17:36 of 1st period - Neal Pionk is hit by A.J. Jenks and loses puck.
17:49 of 1st period - Nick Ritchie is hit by Zemgus Girgensons and loses puck.
18:47 of 1st period - Snap shot by Nick Ritchie.
18:47 of 1st period - Stopped by Sami Aittokallio with a rebound.
19:03 of 1st period - Zachary Sanford is hit by Mathieu Olivier and loses puck.
19:20 of 1st period - Snap shot by Nicholas Baptiste.
19:20 of 1st period - Stopped by Sami Aittokallio without a rebound.
19:21 of 1st period - Christoph Bertschy wins face-off versus Logan Brown in Senators zone.
19:26 of 1st period - Snap shot by Zemgus Girgensons.
19:26 of 1st period - Shot Misses the Net.
Goals for this period are 0 for Marlies vs 3 for Senators.
Shots for this period are 12 for Marlies vs 7 for Senators.
2nd period
0:01 of 2nd period - Christoph Bertschy wins face-off versus Pavel Zacha in neutral zone.
0:04 of 2nd period - Slapshot by Keegan Lowe.
0:04 of 2nd period - Stopped by Charlie Lindgren with a rebound.
0:28 of 2nd period - Icing by Zemgus Girgensons.
0:29 of 2nd period - Christoph Bertschy wins face-off versus Logan Brown in Senators zone.
0:29 of 2nd period - Christoph Bertschy is hit by Nicholas Baptiste.
0:37 of 2nd period - Wrist shot by Jordan Schroeder.
0:37 of 2nd period - Stopped by Charlie Lindgren with a rebound.
0:39 of 2nd period - Slapshot by Jordan Schroeder.
0:39 of 2nd period - Shot Blocked by Lucas Carlsson.
0:41 of 2nd period - Snap shot by Zachary Sanford.
0:41 of 2nd period - Shot Misses the Net.
0:43 of 2nd period - Wrist shot by Jordan Schroeder.
0:43 of 2nd period - Stopped by Charlie Lindgren with a rebound.
0:45 of 2nd period - Snap shot by Jordan Schroeder.
0:45 of 2nd period - Shot Misses the Net.
1:20 of 2nd period - Snap shot by Johan Larsson.
1:20 of 2nd period - Stopped by Sami Aittokallio with a rebound.
1:25 of 2nd period - Off-side.
1:26 of 2nd period - Jordan Schroeder wins face-off versus Logan Brown in neutral zone.
1:51 of 2nd period - Dylan Blujus is hit by Brett Pesce.
2:20 of 2nd period - Wrist shot by Pavel Zacha.
2:20 of 2nd period - Deflect By Zemgus Girgensons.
2:20 of 2nd period - Shot Misses the Net.
2:20 of 2nd period - Puck is out of play.
2:21 of 2nd period - Shane Prince wins face-off versus Christoph Bertschy in Senators zone.
2:35 of 2nd period - Snap shot by Nicholas Baptiste.
2:35 of 2nd period - Stopped by Sami Aittokallio with a rebound.
2:47 of 2nd period - Grant Besse is hit by Pavel Zacha and loses puck.
2:54 of 2nd period - Slapshot by Pavel Zacha.
2:54 of 2nd period - Stopped by Sami Aittokallio with a rebound.
3:27 of 2nd period - Jeff Corbett is hit by Chandler Stephenson and loses puck.
3:58 of 2nd period - Nick Ritchie is hit by Jordan Schroeder and loses puck.
4:36 of 2nd period - Off-side.
4:37 of 2nd period - Aleksi Saarela wins face-off versus Jordan Schroeder in neutral zone.
4:44 of 2nd period - Wrist shot by Aleksi Saarela.
4:44 of 2nd period - Stopped by Sami Aittokallio with a rebound.
4:46 of 2nd period - Snap shot by Aleksi Saarela.
4:46 of 2nd period - Goal by Aleksi Saarela - Marlies : 1 - Senators : 3.
4:47 of 2nd period - Christoph Bertschy wins face-off versus JT Compher in neutral zone.
4:49 of 2nd period - Dmitry Sinitsyn is hit by Brett Pesce.
4:51 of 2nd period - Wrist shot by Christoph Bertschy.
4:51 of 2nd period - Shot Misses the Net.
4:53 of 2nd period - Snap shot by Keegan Lowe.
4:53 of 2nd period - Shot Blocked by Brett Pesce.
4:57 of 2nd period - Wrist shot by Christoph Bertschy.
4:57 of 2nd period - Goal by Christoph Bertschy - Marlies : 1 - Senators : 4.
4:57 of 2nd period - Malcolm Subban enters game.
4:58 of 2nd period - Christoph Bertschy wins face-off versus Pavel Zacha in neutral zone.
5:25 of 2nd period - Tomas Jurco is hit by Tim Erixon and loses puck.
5:34 of 2nd period - Slapshot by Jordan Schroeder.
5:34 of 2nd period - Shot Misses the Net.
5:40 of 2nd period - Minor Penalty to Logan Brown for Hooking.
5:41 of 2nd period - Christoph Bertschy wins face-off versus Colton Sissons in Marlies zone.
5:46 of 2nd period - Wrist shot by Oliver Bjorkstrand.
5:46 of 2nd period - Stopped by Malcolm Subban without a rebound.
5:47 of 2nd period - Christoph Bertschy wins face-off versus Colton Sissons in Marlies zone.
6:12 of 2nd period - Colton Sissons is hit by Tomas Jurco and loses puck.
6:17 of 2nd period - Snap shot by Zachary Sanford.
6:17 of 2nd period - Deflect By Jordan Schroeder.
6:17 of 2nd period - Shot Misses the Net.
6:17 of 2nd period - Puck is out of play.
6:18 of 2nd period - Jordan Schroeder wins face-off versus Colton Sissons in Marlies zone.
6:19 of 2nd period - Wrist shot by Tomas Jurco.
6:19 of 2nd period - Stopped by Malcolm Subban without a rebound.
6:20 of 2nd period - Colton Sissons wins face-off versus Oliver Bjorkstrand in Marlies zone.
6:52 of 2nd period - Brett Pesce is hit by Zemgus Girgensons and loses puck.
7:03 of 2nd period - Snap shot by Zemgus Girgensons.
7:03 of 2nd period - Stopped by Malcolm Subban without a rebound.
7:04 of 2nd period - Zachary Sanford wins face-off versus Colton Sissons in Marlies zone.
7:09 of 2nd period - Wrist shot by Zachary Sanford.
7:09 of 2nd period - Shot Misses the Net.
7:11 of 2nd period - Slapshot by Dmitry Sinitsyn.
7:11 of 2nd period - Shot Misses the Net.
7:13 of 2nd period - Wrist shot by Zachary Sanford.
7:13 of 2nd period - Shot Misses the Net.
7:15 of 2nd period - Snap shot by Zachary Sanford.
7:15 of 2nd period - Shot Misses the Net.
7:17 of 2nd period - Slapshot by Tomas Jurco.
7:17 of 2nd period - Stopped by Malcolm Subban with a rebound.
7:19 of 2nd period - Slapshot by Dmitry Sinitsyn.
7:19 of 2nd period - Stopped by Malcolm Subban without a rebound.
7:20 of 2nd period - Colton Sissons wins face-off versus Jordan Schroeder in Marlies zone.
7:40 of 2nd period - Penalty to Logan Brown is over, Logan Brown is back on ice.
8:32 of 2nd period - Off-side.
8:33 of 2nd period - Christoph Bertschy wins face-off versus Nick Ritchie in neutral zone.
8:36 of 2nd period - Wrist shot by Christoph Bertschy.
8:36 of 2nd period - Stopped by Malcolm Subban with a rebound.
8:42 of 2nd period - Snap shot by Oliver Bjorkstrand.
8:42 of 2nd period - Stopped by Malcolm Subban without a rebound.
8:43 of 2nd period - Pavel Zacha wins face-off versus Christoph Bertschy in Marlies zone.
8:49 of 2nd period - Minor Penalty to Adam Ollas-Mattsson for Interference.
8:50 of 2nd period - Nick Ritchie wins face-off versus Christoph Bertschy in Senators zone.
8:52 of 2nd period - Snap shot by Nick Ritchie.
8:52 of 2nd period - Stopped by Sami Aittokallio with a rebound.
8:54 of 2nd period - Slapshot by Neal Pionk.
8:54 of 2nd period - Stopped by Sami Aittokallio with a rebound.
8:56 of 2nd period - Wrist shot by Linden Vey.
8:56 of 2nd period - Shot Hit the Post.
8:58 of 2nd period - Snap shot by Neal Pionk.
8:58 of 2nd period - Stopped by Sami Aittokallio with a rebound.
9:00 of 2nd period - Wrist shot by Colton Sissons.
9:00 of 2nd period - Shot Misses the Net.
10:49 of 2nd period - Penalty to Adam Ollas-Mattsson is over, Adam Ollas-Mattsson is back on ice.
10:50 of 2nd period - Christoph Bertschy is hit by Linden Vey.
11:00 of 2nd period - Slapshot by Keegan Lowe.
11:00 of 2nd period - Deflect By Mathieu Olivier.
11:00 of 2nd period - Stopped by Malcolm Subban without a rebound.
11:01 of 2nd period - Arttu Ruotsalainen wins face-off versus Mathieu Olivier in Marlies zone.
11:02 of 2nd period - Wrist shot by Tomas Jurco.
11:02 of 2nd period - Stopped by Malcolm Subban without a rebound.
11:03 of 2nd period - Chandler Stephenson wins face-off versus Aleksi Saarela in Marlies zone.
11:07 of 2nd period - Minor Penalty to Tyler Benson for Goalie Interference.
11:08 of 2nd period - Colton Sissons wins face-off versus Christoph Bertschy in Marlies zone.
11:34 of 2nd period - Nick Ritchie is hit by Tomas Jurco and loses puck.
11:45 of 2nd period - Snap shot by Tomas Jurco.
11:45 of 2nd period - Deflect By Zachary Sanford.
11:45 of 2nd period - Shot Blocked by Nick Ritchie.
11:45 of 2nd period - Puck is out of play.
11:46 of 2nd period - Pavel Zacha wins face-off versus Christoph Bertschy in Marlies zone.
11:59 of 2nd period - Slapshot by Oliver Bjorkstrand.
11:59 of 2nd period - Shot Blocked by Neal Pionk.
12:01 of 2nd period - Wrist shot by Zemgus Girgensons.
12:01 of 2nd period - Shot Misses the Net.
12:43 of 2nd period - Aleksi Saarela is hit by Dmitry Sinitsyn and loses puck.
13:07 of 2nd period - Penalty to Tyler Benson is over, Tyler Benson is back on ice.
13:23 of 2nd period - Slapshot by Kevin Rooney.
13:23 of 2nd period - Stopped by Malcolm Subban with a rebound.
13:47 of 2nd period - Lucas Carlsson is hit by Grant Besse and loses puck.
15:06 of 2nd period - Icing by Oliver Bjorkstrand.
15:07 of 2nd period - Pavel Zacha wins face-off versus Christoph Bertschy in Senators zone.
15:08 of 2nd period - Snap shot by Nick Ritchie.
15:08 of 2nd period - Shot Blocked by Jack Dougherty.
16:37 of 2nd period - Tim Erixon is hit by A.J. Jenks and loses puck.
17:25 of 2nd period - Snap shot by Colton Sissons.
17:25 of 2nd period - Deflect By Linden Vey.
17:25 of 2nd period - Stopped by Sami Aittokallio without a rebound.
17:26 of 2nd period - Pavel Zacha wins face-off versus Christoph Bertschy in Senators zone.
17:29 of 2nd period - Slapshot by Nick Ritchie.
17:29 of 2nd period - Shot Blocked by Zemgus Girgensons.
17:31 of 2nd period - Wrist shot by Pavel Zacha.
17:31 of 2nd period - Shot Misses the Net.
17:33 of 2nd period - Slapshot by Nick Ritchie.
17:33 of 2nd period - Stopped by Sami Aittokallio with a rebound.
17:35 of 2nd period - Snap shot by JT Compher.
17:35 of 2nd period - Deflect By Nick Ritchie.
17:35 of 2nd period - Stopped by Sami Aittokallio without a rebound.
17:36 of 2nd period - Oliver Bjorkstrand wins face-off versus Pavel Zacha in Senators zone.
17:45 of 2nd period - Wrist shot by Zemgus Girgensons.
17:45 of 2nd period - Shot Blocked by Neal Pionk.
17:55 of 2nd period - Wrist shot by Pavel Zacha.
17:55 of 2nd period - Stopped by Sami Aittokallio with a rebound.
18:32 of 2nd period - Minor Penalty to Christoph Bertschy for Slashing.
18:33 of 2nd period - A.J. Jenks wins face-off versus Colton Sissons in Senators zone.
18:59 of 2nd period - Keegan Lowe is hit by JT Compher and loses puck.
Goals for this period are 1 for Marlies vs 1 for Senators.
Shots for this period are 12 for Marlies vs 14 for Senators.
3rd period
0:01 of 3rd period - Colton Sissons wins face-off versus A.J. Jenks in neutral zone.
0:06 of 3rd period - Wrist shot by Nick Ritchie.
0:06 of 3rd period - Stopped by Sami Aittokallio with a rebound.
0:32 of 3rd period - Penalty to Christoph Bertschy is over, Christoph Bertschy is back on ice.
1:26 of 3rd period - Slapshot by Haydn Fleury.
1:26 of 3rd period - Deflect By Tyler Benson.
1:26 of 3rd period - Shot Misses the Net.
1:26 of 3rd period - Puck is out of play.
1:27 of 3rd period - A.J. Jenks wins face-off versus Pavel Zacha in Senators zone.
1:27 of 3rd period - A.J. Jenks is hit by Lucas Carlsson.
1:34 of 3rd period - Off-side.
1:35 of 3rd period - JT Compher wins face-off versus Christoph Bertschy in neutral zone.
1:37 of 3rd period - Minor Penalty to Nick Ritchie for High sticking.
1:38 of 3rd period - Colton Sissons wins face-off versus Christoph Bertschy in Marlies zone.
1:54 of 3rd period - Slapshot by Dmitry Sinitsyn.
1:54 of 3rd period - Deflect By Haydn Fleury.
1:54 of 3rd period - Stopped by Malcolm Subban with a rebound.
2:32 of 3rd period - Snap shot by Neal Pionk.
2:32 of 3rd period - Shot Blocked by Zemgus Girgensons.
2:34 of 3rd period - Snap shot by Brett Pesce.
2:34 of 3rd period - Stopped by Sami Aittokallio without a rebound.
2:35 of 3rd period - Christoph Bertschy wins face-off versus Aleksi Saarela in Senators zone.
2:42 of 3rd period - Slapshot by Dmitry Sinitsyn.
2:42 of 3rd period - Deflect By Zemgus Girgensons.
2:42 of 3rd period - Stopped by Malcolm Subban without a rebound.
2:43 of 3rd period - Colton Sissons wins face-off versus Christoph Bertschy in Marlies zone.
3:37 of 3rd period - Penalty to Nick Ritchie is over, Nick Ritchie is back on ice.
4:08 of 3rd period - Slapshot by Nick Ritchie.
4:08 of 3rd period - Shot Blocked by Tomas Jurco.
4:16 of 3rd period - Snap shot by Pavel Zacha.
4:16 of 3rd period - Goal by Pavel Zacha - Marlies : 2 - Senators : 4.
4:17 of 3rd period - Christoph Bertschy wins face-off versus JT Compher in neutral zone.
4:27 of 3rd period - Snap shot by Oliver Bjorkstrand.
4:27 of 3rd period - Shot Misses the Net.
4:29 of 3rd period - Slapshot by Keegan Lowe.
4:29 of 3rd period - Deflect By Oliver Bjorkstrand.
4:29 of 3rd period - Stopped by Malcolm Subban without a rebound.
4:30 of 3rd period - Zemgus Girgensons wins face-off versus Pavel Zacha in Marlies zone.
5:26 of 3rd period - Slapshot by A.J. Jenks.
5:26 of 3rd period - Stopped by Malcolm Subban with a rebound.
5:28 of 3rd period - Snap shot by Grant Besse.
5:28 of 3rd period - Shot Misses the Net.
7:16 of 3rd period - Wrist shot by Nick Ritchie.
7:16 of 3rd period - Shot Misses the Net.
7:53 of 3rd period - Jack Dougherty is hit by Tyler Benson and loses puck.
8:20 of 3rd period - Snap shot by Zachary Sanford.
8:20 of 3rd period - Stopped by Malcolm Subban with a rebound.
8:22 of 3rd period - Snap shot by Jordan Schroeder.
8:22 of 3rd period - Stopped by Malcolm Subban without a rebound.
8:23 of 3rd period - Pavel Zacha wins face-off versus Jordan Schroeder in Marlies zone.
8:23 of 3rd period - Pavel Zacha is hit by Zachary Sanford.
8:35 of 3rd period - Wrist shot by JT Compher.
8:35 of 3rd period - Deflect By Nick Ritchie.
8:35 of 3rd period - Shot Misses the Net.
8:35 of 3rd period - Puck is out of play.
8:36 of 3rd period - Jordan Schroeder wins face-off versus Pavel Zacha in Senators zone.
8:52 of 3rd period - Off-side.
8:53 of 3rd period - Zemgus Girgensons wins face-off versus Logan Brown in neutral zone.
10:23 of 3rd period - Dylan Blujus is hit by Logan Brown and loses puck.
11:06 of 3rd period - Icing by Dmitry Sinitsyn.
11:07 of 3rd period - Colton Sissons wins face-off versus Jordan Schroeder in Senators zone.
11:08 of 3rd period - Wrist shot by Linden Vey.
11:08 of 3rd period - Stopped by Sami Aittokallio with a rebound.
11:18 of 3rd period - Icing by Linden Vey.
11:19 of 3rd period - Christoph Bertschy wins face-off versus Colton Sissons in Marlies zone.
11:53 of 3rd period - Minor Penalty to Johan Larsson for High sticking.
11:54 of 3rd period - Colton Sissons wins face-off versus Jordan Schroeder in Marlies zone.
12:18 of 3rd period - Jordan Schroeder is hit by Tim Erixon and loses puck.
12:43 of 3rd period - Nick Ritchie is hit by Zachary Sanford and loses puck.
13:06 of 3rd period - Pavel Zacha is hit by Dmitry Sinitsyn and loses puck.
13:53 of 3rd period - Penalty to Johan Larsson is over, Johan Larsson is back on ice.
14:05 of 3rd period - Wrist shot by Nicholas Baptiste.
14:05 of 3rd period - Shot Misses the Net.
14:15 of 3rd period - Jeff Corbett is hit by Kevin Rooney and loses puck.
14:29 of 3rd period - Off-side.
14:30 of 3rd period - Chandler Stephenson wins face-off versus Colton Sissons in neutral zone.
15:20 of 3rd period - Snap shot by Shane Prince.
15:20 of 3rd period - Stopped by Sami Aittokallio without a rebound.
15:21 of 3rd period - Nick Ritchie wins face-off versus A.J. Jenks in Senators zone.
15:22 of 3rd period - Wrist shot by JT Compher.
15:22 of 3rd period - Stopped by Sami Aittokallio with a rebound.
15:24 of 3rd period - Snap shot by Nick Ritchie.
15:24 of 3rd period - Shot Misses the Net.
15:26 of 3rd period - Slapshot by Neal Pionk.
15:26 of 3rd period - Goal by Neal Pionk - Marlies : 3 - Senators : 4.
15:27 of 3rd period - Colton Sissons wins face-off versus Oliver Bjorkstrand in neutral zone.
15:36 of 3rd period - Snap shot by Zemgus Girgensons.
15:36 of 3rd period - Shot Blocked by Haydn Fleury.
16:20 of 3rd period - Off-side.
16:21 of 3rd period - Christoph Bertschy wins face-off versus Colton Sissons in neutral zone.
16:28 of 3rd period - Wrist shot by Christoph Bertschy.
16:28 of 3rd period - Shot Misses the Net.
16:37 of 3rd period - Icing by Neal Pionk.
16:38 of 3rd period - Kevin Rooney wins face-off versus Colton Sissons in Marlies zone.
17:10 of 3rd period - Dylan Blujus is hit by Brett Pesce and loses puck.
17:30 of 3rd period - Snap shot by Linden Vey.
17:30 of 3rd period - Shot Blocked by Dylan Blujus.
17:32 of 3rd period - Slapshot by Jeff Corbett.
17:32 of 3rd period - Shot Blocked by Jack Dougherty.
17:34 of 3rd period - Slapshot by Jeff Corbett.
17:34 of 3rd period - Deflect By Tomas Jurco.
17:34 of 3rd period - Stopped by Sami Aittokallio with a rebound.
17:36 of 3rd period - Wrist shot by Colton Sissons.
17:36 of 3rd period - Marlies goal is going for a video replay.
17:36 of 3rd period - The goal is refused. The net was displaced accidentally..
17:37 of 3rd period - Kevin Rooney wins face-off versus Pavel Zacha in Senators zone.
17:37 of 3rd period - Kevin Rooney is hit by Lucas Carlsson.
17:47 of 3rd period - Nick Ritchie is hit by Kevin Rooney and loses puck.
18:02 of 3rd period - Slapshot by Nicholas Baptiste.
18:02 of 3rd period - Stopped by Sami Aittokallio without a rebound.
18:03 of 3rd period - Logan Brown wins face-off versus Christoph Bertschy in Senators zone.
18:04 of 3rd period - Wrist shot by Neal Pionk.
18:04 of 3rd period - Deflect By Adam Ollas-Mattsson.
18:04 of 3rd period - Stopped by Sami Aittokallio without a rebound.
18:05 of 3rd period - Christoph Bertschy wins face-off versus Shane Prince in Senators zone.
18:23 of 3rd period - Slapshot by Neal Pionk.
18:23 of 3rd period - Deflect By Logan Brown.
18:23 of 3rd period - Shot Misses the Net.
18:23 of 3rd period - Puck is out of play.
18:24 of 3rd period - Colton Sissons wins face-off versus Kevin Rooney in Senators zone.
18:33 of 3rd period - Snap shot by Colton Sissons.
18:33 of 3rd period - Shot Blocked by Keegan Lowe.
19:08 of 3rd period - Marlies, Malcolm Subban is pulled from the net.
19:30 of 3rd period - Wrist shot by Linden Vey.
19:30 of 3rd period - Shot Misses the Net.
19:32 of 3rd period - Snap shot by Nick Ritchie.
19:32 of 3rd period - Stopped by Sami Aittokallio without a rebound.
19:33 of 3rd period - Peter DeBoer call a timeout for Marlies.
19:33 of 3rd period - Colton Sissons wins face-off versus A.J. Jenks in Senators zone.
19:54 of 3rd period - Snap shot by Tomas Jurco.
19:54 of 3rd period - Goal by Tomas Jurco - Marlies : 3 - Senators : 5.
19:54 of 3rd period - Malcolm Subban from Marlies was sent back in the game.
19:55 of 3rd period - Logan Brown wins face-off versus A.J. Jenks in neutral zone.
Goals for this period are 2 for Marlies vs 1 for Senators.
Shots for this period are 12 for Marlies vs 7 for Senators.
Output by the SimonT Hockey Simulator (STHS) for Francois Prevost